 Dungeon Crawl Stone Soup version 0.29-a0-1008-g949cc1d0fb (webtiles) character file.

Game seed: 16828311680255477026

1657 concernfroge the Fighter (level 8, -5/72 HPs)
             Began as a Mummy Monk on Aug 7, 2022.
             Was a Believer of Cheibriados.
             Slain by Duvessa
             ... wielding a +0 short sword
              (8 damage)
             ... on level 6 of the Dungeon.
             The game lasted 00:23:47 (4921 turns).

concernfroge the Fighter (Mummy Monk)               Turns: 4921, Time: 00:23:48

Health: -5/72      AC: 14    Str: 20    XL:     8   Next: 68%
Magic:  11/11      EV:  8    Int: 14    God:    Cheibriados [**....]
Gold:   376        SH:  0    Dex: 18    Spells: 7/7 levels left

rFire   . . .      SeeInvis .   a - +1 spear (flame)
rCold   . . .      Faith    .   (no shield)
rNeg    + + +      Spirit   .   k - +0 chain mail
rPois   ∞          Reflect  .   c - +1 helmet
rElec   .          Harm     .   q - +1 cloak
rCorr   .          Rampage  .   b - +1 pair of gloves
Will    +....                   (no boots)
Stlth   ..........              g - amulet of regeneration
HPRegen 1.02/turn               j - ring of wizardry
MPRegen 0.12/turn               h - ring of fire

@: very slow
A: cold resistance 1, negative energy resistance 3, torment resistance 2, heat
vulnerability 1, in touch with death 1, no potions
a: Renounce Religion, Bend Time


You were on level 6 of the Dungeon.
You worshipped Cheibriados.
Cheibriados was pleased with you.
You visited 2 branches of the dungeon, and saw 7 of its levels.
You also visited: Sewer.

You collected 376 gold pieces.

Inventory:

Hand Weapons
 a - a +1 spear of flaming (weapon)
Missiles
 d - 5 silver javelins (quivered)
 l - 3 poisoned darts
Armour
 b - a +1 pair of gloves (worn)
 c - a +1 helmet (worn)
 k - a +0 chain mail (worn)
 q - a +1 cloak (worn)
Jewellery
 g - an amulet of regeneration (around neck)
 h - a ring of fire (right hand)
 j - a ring of wizardry (left hand)
 m - an amulet of guardian spirit
Scrolls
 e - a scroll of immolation
 f - a scroll of identify
 i - a scroll of magic mapping


   Skills:
 - Level 10.0 Fighting
 + Level 3.8 Polearms
 - Level 2.4 Dodging
 - Level 1.5 Stealth
 - Level 4.0 Invocations


You had 7 spell levels left.
You didn't know any spells.
Your spell library contained the following spells:

 Spells                   Type           Power      Damage    Failure   Level
 Necrotise                Necr           0%         1d4       78%         1
 Static Discharge         Conj/Air       0%         3-3/arc   89%         2
 Vampiric Draining        Necr           0%         2d6       98%         3
 Agony                    Necr           0%         N/A       100%        5
 Fireball                 Conj/Fire      0%         3d3       100%        5
 Lightning Bolt           Conj/Air       0%         1d11      100%        5
 Starburst                Conj/Fire      0%         6d3       100%        6
 Ignition                 Fire           0%         3d3       100%        8
 Maxwell's Capacitive Co  Air            0%         ∞         100%        8


Dungeon Overview and Level Annotations

Branches:
Dungeon (6/15)             Temple (1/1) D:6           Sewer (visited)

Altars:
Ashenzari
Cheibriados
Fedhas
Gozag
Kikubaaqudgha
Makhleb
Nemelex Xobeh
Qazlal
Ru
Sif Muna
Uskayaw
Vehumet
Wu Jian
Yredelemnul

Shops:
D:6 (

Annotations:
D:6 Duvessa


Innate Abilities, Weirdness & Mutations

You are immune to poison.
Your flesh is cold resistant. (rC+)
You are immune to negative energy. (rN+++)
You are immune to unholy pain and torment.
You are vulnerable to heat. (rF-)
You are in touch with the powers of death.
You do not drink.


Message History

Duvessa rages.
Duvessa closely misses you. Duvessa hits you with a +0 short sword.
* * * LOW HITPOINT WARNING * * *
Duvessa barely misses you. Duvessa hits you with a +0 short sword!
* * * LOW HITPOINT WARNING * * *
There is a stone staircase leading down here.
Duvessa hits you with a +0 short sword.
* * * LOW HITPOINT WARNING * * *
Duvessa hits you with a +0 short sword.
* * * LOW HITPOINT WARNING * * *
You climb downwards.
There is a stone staircase leading up here.
Duvessa barely misses you. Duvessa hits you but does no damage.
Duvessa hits you with a +0 short sword.
* * * LOW HITPOINT WARNING * * *
Duvessa hits you with a +0 short sword.
* * * LOW HITPOINT WARNING * * *
You hit Duvessa but do no damage.
Duvessa is heavily wounded.
Duvessa is no longer blind.
Duvessa hits you but does no damage.
You barely miss Duvessa.
Duvessa is heavily wounded.
Duvessa hits you with a +0 short sword!
* * * LOW HITPOINT WARNING * * *
You hit Duvessa. You burn Duvessa.
Duvessa is heavily wounded.
Duvessa hits you but does no damage. Duvessa hits you with a +0 short sword!
* * * LOW HITPOINT WARNING * * *
You hit Duvessa but do no damage.
Duvessa is heavily wounded.
Duvessa hits you but does no damage.
Unknown command.
Unknown command.
You puncture Duvessa! You burn Duvessa.
Duvessa is severely wounded.
Duvessa hits you with a +0 short sword!
You die...

#.........###..#.#.........
##..........#..#...#.#......
#....................##.....
##...#..÷.....#..#.####.....
####...............##......
#....<........()........
###...##.................<
#.....###e......#..#......
##...####@......#.###.....
##.## #..........##......
### ##>................
#.................
###...............
#................
##................
##.........##......
##..#........#...##.


You could see Duvessa (berserk).

Vanquished Creatures
  A hornet (D:6)
  A wraith (D:6)
  A water moccasin (D:5)
  Pargi (Sewer)
  A sky beast (D:6)
  A black bear (D:6)
  2 centaurs (D:6)
  2 phantoms
  3 bullfrogs
  A necrophage (D:6)
  Dowan (D:5)
  A howler monkey (D:4)
  A hound (D:5)
  3 jellies
  An iguana (D:5)
  4 adders
  A white imp (D:6)
  3 worms
  A dart slug (D:4)
  10 orcs
  5 ball pythons
  3 bats
  8 endoplasms
  2 giant cockroaches (D:1)
  8 goblins
  7 hobgoblins
  3 jackals (D:2)
  2 quokkas (D:4)
  7 frilled lizards
  4 kobolds
  4 rats
93 creatures vanquished.

Notes
Turn   | Place    | Note
-------+----------+-------------------------------------------
     0 | D:1      | concernfroge the Mummy Monk began the quest for the Orb.
     0 | D:1      | Reached XP level 1. HP: 18/18 MP: 1/1
   314 | D:1      | Found a faded altar of an unknown god.
   767 | D:1      | Reached XP level 2. HP: 22/24 MP: 2/2
  1184 | D:2      | Reached skill level 4 in Fighting
  1258 | D:2      | Gained mutation: You are in touch with the powers of death.
                  | [Mummy growth]
  1258 | D:2      | Reached XP level 3. HP: 28/30 MP: 3/3
  1409 | D:2      | Found a shimmering blue altar of Sif Muna.
  2217 | D:3      | Reached XP level 4. HP: 38/38 MP: 4/4
  2274 | D:3      | Reached skill level 5 in Fighting
  2737 | D:4      | Noticed a phantom
  2805 | D:4      | Noticed a bullfrog
  2824 | D:4      | Killed a bullfrog
  2825 | D:4      | Reached XP level 5. HP: 36/46 MP: 5/5
  2847 | D:4      | Reached skill level 6 in Fighting
  2919 | D:4      | Identified the +3 dagger of Seopnosk {drain, rC+ Str+4
                  | Stlth+}
  2991 | D:4      | Noticed an ogre
  3014 | D:4      | Killed a phantom
  3015 | D:4      | Reached XP level 6. HP: 48/53 MP: 6/6
  3073 | D:5      | Entered Level 5 of the Dungeon
  3100 | D:5      | Reached skill level 7 in Fighting
  3136 | D:5      | Found a blossoming altar of Fedhas.
  3187 | D:5      | Found a sparkling altar of Nemelex Xobeh.
  3217 | D:5      | Found a glowing drain.
  3253 | Sewer    | Entered a sewer
  3311 | Sewer    | Noticed Pargi
  3326 | Sewer    | Killed Pargi
  3545 | D:5      | Noticed Dowan
  3546 | D:5      | Noticed Duvessa
  3694 | D:5      | Killed Dowan
  3786 | D:6      | Reached skill level 8 in Fighting
  3786 | D:6      | Reached XP level 7. HP: 46/62 MP: 7/7
  3943 | D:6      | Reached skill level 9 in Fighting
  3984 | D:6      | Noticed a wraith
  3994 | D:6      | Killed a wraith
  4064 | D:6      | Found a staircase to the Ecumenical Temple.
  4073 | Temple   | Entered the Ecumenical Temple
  4199 | Temple   | Became a worshipper of Cheibriados the Contemplative
  4199 | Temple   | Reached * piety under Cheibriados
  4199 | Temple   | Reached ** piety under Cheibriados
  4211 | D:6      | Reached XP level 8. HP: 70/72 MP: 8/8
  4279 | D:6      | Reached skill level 1 in Invocations
  4301 | D:6      | Found Boukaosa's Weapon Boutique.
  4314 | D:6      | Noticed a hornet
  4317 | D:6      | Reached skill level 10 in Fighting
  4333 | D:6      | Killed a hornet
  4919 | D:6      | HP: 1/72 [Duvessa/+0 short sword (9)]
  4921 | D:6      | Slain by Duvessa

Illustrated notes

Levels and vault maps discovered:
D:1:      sevenhm_arrival_forest_fort_large_4, layout_basic,
          ebering_ecumenical_altar_sacrificial, minmay_domino_4
D:2:      layout_basic, basic_altar
D:3:      layout_basic
D:4:      layout_loops_ring, minitemple, kennysheep_generic_room_4,
          uniq_crazy_yiuf_cottage
D:5:      layout_basic, mainiacjoe_overflow_paths, mainiacjoe_overflow_alcove_1,
          cheibrodos_sewer_entry_drain, uniq_duvessa
D:6:      layout_cave_pools, minmay_temple_entry_arrows, serial_shops,
          nicolae_shop_advertising_works [nicolae_subvault_shop_adworks]
Temple:   nicolae_temple_two_arcs

Skill      XL: |  1  2  3  4  5  6  7  8 |
---------------+-------------------------+-----
Fighting       | 4 5 6 8 9 10 | 10.0
Invocations    | 4 |  4.0
Polearms       | 3 |  3.8
Dodging        | |  2.4
Stealth        | |  1.5

Action                   |  1- 3 |  4- 6 |  7- 9 || total
-------------------------+-------+-------+-------++-------
Melee: Spear             |   170 |   235 |   143 ||   548
       Punch             |     1 |     5 |     1 ||     7
Throw: Boomerang         |       |    18 |     3 ||    21
       Javelin           |       |       |     1 ||     1
Invok: Bend Time         |       |       |     3 ||     3
Evoke: Wand              |       |       |     5 ||     5
  Use: Scroll            |       |    14 |     4 ||    18
 Stab: Sleeping          |     3 |       |       ||     3
       Invisible         |       |       |     5 ||     5
Armor: Robe              |     2 |       |       ||     2
       Ring mail         |     8 |       |       ||     8
       Scale mail        |    31 |       |       ||    31
       Chain mail        |       |   128 |    89 ||   217
Dodge: Dodged            |    83 |    57 |    67 ||   207

Table legend: (Time is in decaauts)
 A = Elapsed time spent in this place.
 B = Non-inter-level travel time spent in this place.
 C = Inter-level travel time spent in this place.
 D = Time resting spent in this place.
 E = Time spent auto-exploring this place.
 F = Levels seen in this place.
 G = Mean time per level.
                   A        B        C        D        E       F      G
               +--------+--------+--------+--------+--------+-----+--------+
         Total |   5199 |   4828 |    371 |      0 |   3690 |   8 |  649.9 |
       Dungeon |   4829 |   4482 |    347 |      0 |   3431 |   6 |  804.8 |
        Temple |    138 |    114 |     24 |      0 |    106 |   1 |  138.0 |
         Sewer |    231 |    231 |      0 |      0 |    152 |   1 |  231.0 |
               +--------+--------+--------+--------+--------+-----+--------+

Top non-repeatable levels by time:
     D:1: 1140 daAuts
     D:2: 986 daAuts
     D:5: 966 daAuts
     D:6: 797 daAuts
     D:3: 544 daAuts
     D:4: 394 daAuts
   Sewer: 231 daAuts
  Temple: 138 daAuts
